 Seeded DCSS version 0.31-a0-986-g5e6e4ef867 (webtiles) character file.

Game seed: 15151140065775608576 (custom seed)

85 timneilson the Covered (level 4, -9/29 HPs)
             Began as a Gargoyle Fighter on Nov 12, 2023.
             Mangled by an ogre
             ... wielding a +0 giant club
              (17 damage)
             ... on level 3 of the Dungeon.
             The game lasted 00:02:39 (2676 turns).

timneilson the Covered (Gargoyle Fighter)           Turns: 2676, Time: 00:02:40

Health: -9/29      AC: 13    Str: 19    XL:     4   Next: 48%
Magic:  4/4        EV:  7    Int:  9    God:
Gold:   575        SH:  4    Dex: 11    Spells: 3/3 levels left

rFire   . . .        a - +1 long sword
rCold   . . .        c - +0 buckler
rNeg    + . .        e - +0 chain mail {Will+}
rPois   ∞            (no helmet)
rElec   +            (no cloak)
rCorr   .            (no gloves)
SInv    .            (no boots)
Will    +....        (no amulet) Stlth
                     (no ring)
HPRegen 0.24/turn    (no ring)
MPRegen 0.09/turn

%: no passive effects
@: mighty
A: sickness immunity, AC +3, negative energy resistance 1, electricity
resistance, torment resistance 1, petrification resistance
a: no special abilities


You were on level 3 of the Dungeon.
You visited 1 branch of the dungeon, and saw 3 of its levels.

You collected 575 gold pieces.

Inventory:

Hand Weapons
 a - a +1 long sword (weapon)
Armour
 c - a +0 buckler (worn)
 e - a +0 chain mail of willpower (worn)
Scrolls
 h - 2 scrolls of enchant weapon
 k - a scroll of enchant armour {unknown}
 l - a scroll of teleportation {unknown}
 m - 3 scrolls of vulnerability
 n - a scroll of immolation {unknown}
 o - a scroll of poison {unknown}
Potions
 b - a potion of haste {unknown}
 f - a potion of brilliance {unknown}
 g - a potion of resistance {unknown}
 i - a potion of heal wounds {unknown}
 j - a potion of degeneration {unknown}


   Skills:
 + Level 3.7 Fighting
 * Level 2.5 Long Blades
 * Level 4.0 Armour
 + Level 0.8 Dodging
 * Level 3.9 Shields


You had 3 spell levels left.
You didn't know any spells.
Your spell library was empty.

Dungeon Overview and Level Annotations

Branches:
Dungeon (3/15)

Altars:


Innate Abilities, Weirdness & Mutations

You are immune to sickness and miasma.
Your stone body is resilient. (AC +3)
You are immune to poison.
You resist negative energy. (rN+)
You are resistant to electric shocks. (rElec)
You are resistant to unholy torment.
You are immune to petrification.


Message History

You hit the endoplasm.
The endoplasm is severely wounded.
You block the endoplasm's attack. The endoplasm freezes you.
You are frozen.
You hit the endoplasm but do no damage.
The endoplasm is severely wounded.
The endoplasm freezes you.
You are frozen.
You hit the endoplasm.
You kill the endoplasm!
No target in view!
No target in view!
No target in view!
No target in view!
No target in view!
No target in view!
No target in view!
No target in view!
No target in view!
No target in view!
No target in view!
No target in view!
Found a robe.
An ogre comes into view. It is wielding a +0 giant club.
The ogre shouts!
You feel very mighty all of a sudden.
You hit the ogre.
The ogre is lightly wounded.
The ogre hits you with a +0 giant club!
Ouch! That really hurt!
You slash the ogre!
The ogre is heavily wounded.
The ogre hits you with a +0 giant club.
* * * LOW HITPOINT WARNING * * *
You barely miss the ogre.
The ogre is heavily wounded.
The ogre hits you with a +0 giant club!
Ouch! That really hurt!
You die...

#.# #......#.|.....
#.# #####..#.......
#.# #.÷...#.....#.
#.######.##.#......#.
#......#....#..###.##
#..............###...
#......#....#........
#......#....#........
#...@..######........
#...O..# #........
#......# #........
#.#.#### #........
#.#.# #........ # ..
#........ ###
#........ #........
######.##


You could see an ogre.

Vanquished Creatures
  3 adders (D:2)
  A worm (D:2)
  3 dart slugs
  2 orcs
  3 bats
  6 endoplasms
  3 giant cockroaches
  3 goblins
  4 hobgoblins
  A quokka (D:1)
  5 ball pythons
  2 frilled lizards
  5 kobolds
  5 rats
46 creatures vanquished.

Notes
Turn   | Place    | Note
-------+----------+-------------------------------------------
     0 | D:1      | timneilson the Gargoyle Fighter began the quest for the
                  | Orb.
     0 | D:1      | Reached XP level 1. HP: 14/14 MP: 1/1
   108 | D:1      | Reached XP level 2. HP: 19/19 MP: 2/2
   201 | D:1      | You fall into a shaft and drop 1 floor!
   997 | D:2      | Reached XP level 3. HP: 23/23 MP: 3/3
  1433 | D:2      | Found a faded altar of an unknown god.
  1452 | D:2      | Reached XP level 4. HP: 26/28 MP: 4/4
  2066 | D:3      | Identified a scroll of acquirement
  2066 | D:3      | Acquired 399 gold pieces
  2439 | D:3      | Reached skill level 4 in Armour
  2670 | D:3      | Noticed an ogre
  2676 | D:3      | Mangled by an ogre

Illustrated notes

Levels and vault maps discovered:
D:1:      beargit_arrival_diablo_church, layout_basic
D:2:      layout_basic, basic_ecumenical_altar
D:3:      layout_basic

Skill      XL: |  1  2  3  4 |
---------------+-------------+-----
Long Blades    | 2 |  2.5
Armour         | 4 |  4.0
Fighting       | |  3.7
Dodging        | |  0.8
Shields        | |  3.9

Action                     |  1- 3 |  4- 6 || total
---------------------------+-------+-------++-------
  Melee: Long sword        |   129 |    67 ||   196
    Use: Scroll            |     3 |     3 ||     6
         Potion            |       |     1 ||     1
 Armour: Chain mail        |   115 |    34 ||   149
         Scale mail        |     3 |       ||     3
  Dodge: Dodged            |    56 |    20 ||    76
  Block: Buckler           |    31 |    10 ||    41

Table legend: (Time is in decaauts)
 A = Elapsed time spent in this place.
 B = Non-inter-level travel time spent in this place.
 C = Inter-level travel time spent in this place.
 D = Time resting spent in this place.
 E = Time spent auto-exploring this place.
 F = Levels seen in this place.
 G = Mean time per level.
                   A        B        C        D        E       F      G
               +--------+--------+--------+--------+--------+-----+--------+
         Total |   2739 |   2618 |    121 |      0 |   2116 |   3 |  913.0 |
       Dungeon |   2739 |   2618 |    121 |      0 |   2116 |   3 |  913.0 |
               +--------+--------+--------+--------+--------+-----+--------+

Top non-repeatable levels by time:
     D:2: 1173 daAuts
     D:1: 901 daAuts
     D:3: 664 daAuts
